 Dungeon Crawl Stone Soup version 0.17-a0-2144-gd7f430c (webtiles) character file.

516 Hedron the Martial Artist (level 7, -2/46 HPs)
             Began as an Octopode Monk on Oct 24, 2015.
             Was a Believer of Cheibriados.
             Slain by Fugu's ghost (15 damage)
             ... on level 5 of the Dungeon.
             The game lasted 00:13:06 (5222 turns).

Hedron the Martial Artist (Octopode Monk)           Turns: 5222, Time: 00:13:06

Health: -2/46      AC:  1    Str: 17    XL:     7   Next: 20%
Magic:  7/7        EV: 14    Int: 16    God:    Cheibriados [**....]
Gold:   145        SH:  0    Dex: 18    Spells: 0 memorised, 6 levels left

rFire  + . .     SeeInvis .       - Unarmed
rCold  . . .     Clarity  .     (no shield)
rNeg   . . .     SustAt   .     (helmet restricted)
rPois  .         Gourm    .     (no amulet)
rElec  .         Spirit   .     l - ring of protection from fire
rCorr  .         Warding  .     k - ring of protection from magic
rMut   .         Stasis   .     v - ring of stealth
MR     +....                    (no ring)
Stlth  +++++.....               (no ring)
                                (no ring)
                                (no ring)
                                (no ring)

@: very slow, somewhat resistant to hostile enchantments, quite stealthy
A: almost no armour, amphibious, 8 rings, constrict 8, camouflage 1, gelatinous
body 1
a: Bend Time, Renounce Religion


You were on level 5 of the Dungeon.
You worshipped Cheibriados.
Cheibriados was pleased with you.
You were not hungry.

You visited 2 branches of the dungeon, and saw 6 of its levels.

You collected 145 gold pieces.

Inventory:

Hand Weapons
 b - a +1 blowgun
Missiles
 c - a throwing net
 d - 361 stones (quivered)
 o - 26 poisoned needles
Jewellery
 k - a ring of protection from magic (right tentacle)
 l - a ring of protection from fire (left tentacle)
 v - a ring of stealth (on tentacle)
Wands
 j - a wand of confusion (34)
Scrolls
 e - a scroll of identify
 n - 4 scrolls of remove curse
Potions
 f - 5 potions of mutation
 g - 2 potions of brilliance
 i - a potion of flight
 t - a potion of agility
Comestibles
 a - 5 bread rations
 h - a meat ration
 p - a fruit


   Skills:
 + Level 3.0 Fighting
 + Level 3.0 Dodging
 - Level 2.6 Stealth
 * Level 8.4 Unarmed Combat


You had 6 spell levels left.
You didn't know any spells.

Dungeon Overview and Level Annotations

Branches:
Dungeon (5/15)             Temple (1/1) D:4

Altars:
Ashenzari
Cheibriados
Dithmenos
Elyvilon
Fedhas
Gozag
Kikubaaqudgha
Makhleb
Okawaru
Qazlal
Sif Muna
Trog
Vehumet
Xom
Yredelemnul
The Shining One

Annotations:
D:5 Fugu's ghost, novice TeCj; Grinder


Innate Abilities, Weirdness & Mutations

You cannot wear most types of armour.
You are amphibious.
You can wear up to eight rings at the same time.
You can use your tentacles to constrict eight enemies at once.
Your skin changes colour to match your surroundings (Stealth).
Your rubbery body absorbs attacks (AC +1).


Message History

Found a scroll of random uselessness.
You bludgeon Fugu's ghost! You tentacle-slap Fugu's ghost.
You squeeze Fugu's ghost.
Fugu's ghost is heavily damaged.
Fugu's ghost hits you.
You tentacle-slap Fugu's ghost. Your squeeze misses Fugu's ghost.
Fugu's ghost is severely damaged.
You barely miss Fugu's ghost.
Fugu's ghost is severely damaged.
Fugu's ghost casts a spell at you. The orb of energy hits you!
The orb of energy explodes!
You miss Fugu's ghost. You squeeze Fugu's ghost!
Fugu's ghost is almost destroyed.
Fugu's ghost hits you.
You closely miss Fugu's ghost.
Fugu's ghost is almost destroyed.
Fugu's ghost hits you.
* * * LOW HITPOINT WARNING * * *
You are electrocuted!
You die...

##...........#.#
#............#.###
#######............#.#<#####.
........._...................
#######......#..####...#####.
#.........####...##
##...........#....#
#.........# ##.#######
#....@....# #.........
######W.....#......###
...s..#......# ......#......#
......#.....<# ......#......#
......#......# .?....#......#
#......#


You could see Fugu's ghost and a giant cockroach.

Vanquished Creatures
  A phantom (D:4)
  A sky beast (D:4)
  An ogre (D:4)
  2 orc wizards (D:3)
  An orc priest (D:4)
  Terence (D:3)
  Natasha (thrice) (D:2)
  5 adders
  2 oozes
  A worm (D:3)
  3 giant geckos
  7 orcs
  3 ball pythons
  3 bats
  3 giant cockroaches
  5 hobgoblins
  4 jackals (D:3)
  3 quokkas
  4 giant newts
  5 goblins
  7 kobolds
  12 rats
77 creatures vanquished.

Notes
Turn   | Place    | Note
--------------------------------------------------------------
     0 | D:1      | Hedron the Octopode Monk began the quest for the Orb.
     0 | D:1      | Reached XP level 1. HP: 16/16 MP: 1/1
   215 | D:1      | Reached XP level 2. HP: 17/21 MP: 2/2
  1079 | D:2      | Reached XP level 3. HP: 26/26 MP: 3/3
  1143 | D:2      | Reached skill level 5 in Unarmed Combat
  1302 | D:2      | Noticed Natasha
  1319 | D:2      | Killed Natasha
  1625 | D:2      | Reached XP level 4. HP: 31/31 MP: 4/4
  1692 | D:2      | Noticed Natasha
  1706 | D:2      | Killed Natasha
  1907 | D:2      | Found a burning altar of Makhleb.
  1907 | D:2      | Found a radiant altar of Vehumet.
  2195 | D:2      | Noticed Natasha
  2200 | D:2      | Killed Natasha
  2455 | D:3      | Reached skill level 6 in Unarmed Combat
  2461 | D:3      | HP: 2/46 [poisoned by a kobold]
  2469 | D:3      | HP: 1/46 [poisoned by a kobold]
  2538 | D:3      | Reached XP level 5. HP: 6/36 MP: 5/5
  2978 | D:3      | Noticed Terence
  2988 | D:3      | Killed Terence
  3751 | D:4      | Found a basalt altar of Yredelemnul.
  3751 | D:4      | Found a white marble altar of Elyvilon.
  3800 | D:4      | Reached skill level 7 in Unarmed Combat
  3841 | D:4      | Noticed a sky beast
  3849 | D:4      | Killed a sky beast
  3849 | D:4      | Reached XP level 6. HP: 42/42 MP: 6/6
  4601 | D:4      | Reached skill level 8 in Unarmed Combat
  4601 | D:4      | Reached XP level 7. HP: 29/46 MP: 7/7
  4911 | D:4      | Found a staircase to the Ecumenical Temple.
  4920 | Temple   | Entered the Ecumenical Temple
  5021 | Temple   | Became a worshipper of Cheibriados the Contemplative
  5021 | Temple   | Reached * piety under Cheibriados
  5021 | Temple   | Reached ** piety under Cheibriados
  5163 | D:5      | Entered Level 5 of the Dungeon
  5180 | D:5      | Noticed Grinder
  5189 | D:5      | Noticed Fugu's ghost (novice TeCj)
  5203 | D:5      | Found an opulent altar of Gozag.
  5222 | D:5      | Slain by Fugu's ghost

Vault maps used:
D:1:      erik_arrival_cave_to_civilisation
D:2:      gammafunk_temple_overflow_statue, uniq_natasha
D:3:      uniq_terence
D:4:      grunt_temple_overflow_open, minmay_temple_entry_statues_pillars,
          first_bread, minmay_cupped
D:5:      gammafunk_temple_overflow_wave, basic_altar,
          fedhas_bush_and_centaur_altar, uniq_grinder
Temple:   chambers_temple_12

Action                   |  1- 3 |  4- 6 |  7- 9 || total
-------------------------+-------+-------+-------++-------
Melee: Unarmed           |    59 |   127 |     5 ||   191
 Fire: Blowgun           |       |    16 |     5 ||    21
Throw: Stone             |       |     9 |       ||     9
Evoke: Wand              |       |     1 |       ||     1
  Use: Scroll            |     5 |     8 |     3 ||    16
       Potion            |     1 |     1 |       ||     2
 Stab: Sleeping          |    13 |     4 |       ||    17
       Confused          |       |     1 |       ||     1
  Eat: Chunk             |     2 |     9 |     2 ||    13
